Match 46223435
Unlisted

Match 46223435
End
Construct Barracks
Selects Armored Battlegroup
Selects Assault Engineers
Riflemen Squad
Assault Engineer Squad
Assault Engineer Squad
Riflemen Squad
Infantry Support Center
Construct Medical Station
Grenade Package
Riflemen Squad
Selects M31 Recovery Vehicle
Assault Engineer Squad
Construct Tank Depot
Selects Strength in Steel
M18 Hellcat Tank Destroyer
Advanced Logistics
Survival Training
Demolitions Package
Munitions Surplus
Pepe87
Thien
okinawa
TURBOMAN
JDG
Bobo
peace
nre_nuker
0
0

Comments sign in to comment!

No comments posted yet!